NWL (28 & UNDER)
MOOSE JAW GHOSTBUSTERS @ LA CROSSE LOGGERS
08/28/2026
 
TOP OF THE 1ST
Moose Jaw Ghostbusters batting - Pitching for La Crosse Loggers : LHP George Moore
Pitching: LHP George Moore
Batting: RHB Manuel Pérez 0-0: Ball
1-0: Foul Ball, location: 2F
1-1: Ball
2-1: Foul Ball, location: 2F
2-2: Ball
3-2: Strikes out swinging
Batting: LHB Will Vale 0-0: Ball
1-0: Called Strike
1-1: Swinging Strike
1-2: SINGLE (Line Drive, 9S)
Batting: RHB John Major 0-0: Foul Ball, location: 2F
0-1: Swinging Strike
0-2: Strikes out swinging
Batting: RHB Paco Hernández 0-0: Foul Ball, location: 2F
0-1: Swinging Strike
0-2: Ball
1-2: Ball
2-2: Strikes out looking
Top of the 1st over - 0 run(s), 1 hit(s), 0 error(s), 1 left on base; Moose Jaw 0 - La Crosse 0
BOTTOM OF THE 1ST
La Crosse Loggers batting - Pitching for Moose Jaw Ghostbusters : RHP Ernesto Mendoza
Pitching: RHP Ernesto Mendoza
Batting: RHB Troy Reed 0-0: Ball
1-0: Foul Ball, location: 2F
1-1: SINGLE (Groundball, 56D)
Batting: RHB Robert Acosta 0-0: Ball
1-0: Fly out, F9 (Popup, 89S)
Batting: RHB Júlio Sánchez 0-0: Called Strike
0-1: Ball
1-1: Ball
2-1: Ball
3-1: Called Strike
3-2: SINGLE (Line Drive, 4MD)
Troy Reed to second
Troy Reed to third
Batting: LHB Brock Miller 0-0: Called Strike
0-1: Fly out, F9 (Flyball, 9LM)
Runner from 3rd tags up, SCORES, no throw
Batting: RHB Francisco Rodríguez 0-0: Foul Ball, location: 2F
0-1: Ball
1-1: Foul Ball, location: 2F
1-2: Foul Ball, location: 2F
1-2: SINGLE (Line Drive, 78S)
Júlio Sánchez to second
Batting: RHB Paul Richard 0-0: Fly out, F9 (Flyball, 9LM)
Bottom of the 1st over - 1 run(s), 3 hit(s), 0 error(s), 2 left on base; Moose Jaw 0 - La Crosse 1
TOP OF THE 2ND
Moose Jaw Ghostbusters batting - Pitching for La Crosse Loggers : LHP George Moore
Batting: RHB Luis Miguel Sánchez 0-0: SINGLE (Flyball, 78S)
Batting: RHB Juan Vázquez 0-0: Ball
1-0: Called Strike
1-1: Swinging Strike
1-2: Foul Ball, location: 2F
1-2: Strikes out looking
Batting: RHB Don Turner 0-0: Ball
1-0: Swinging Strike
1-1: Foul Ball, location: 2F
1-2: Foul Ball, location: 2F
1-2: Foul Ball, location: 2F
1-2: Strikes out looking
Batting: SHB Martín Cruz 0-0: Ball
1-0: Ball
2-0: Ball
3-0: Called Strike
3-1: Fielders Choice at 2nd, 6-4 (Groundball, 6)
Top of the 2nd over - 0 run(s), 1 hit(s), 0 error(s), 0 left on base; Moose Jaw 0 - La Crosse 1
BOTTOM OF THE 2ND
La Crosse Loggers batting - Pitching for Moose Jaw Ghostbusters : RHP Ernesto Mendoza
Batting: RHB Jesús Silva 0-0: Ball
1-0: Ball
2-0: Called Strike
2-1: SINGLE (Groundball, 56D)
Batting: RHB Andrés Bustamante 0-0: SINGLE (Line Drive, 34)
Jesús Silva to second
Runner from 2nd tries for 3rd, SAFE, throw made to third
Batting: RHB James Jenkins 0-0: Ball
1-0: Foul Ball, location: 2F
1-1: Ball
2-1: Fly out, F8 (Flyball, 8LM)
Batting: RHB Troy Reed 0-0: Ball
1-0: SINGLE (Groundball, 4M)
Jesús Silva scores
Andrés Bustamante to second
Batting: RHB Robert Acosta 0-0: Ball
1-0: Ball
2-0: Swinging Strike
2-1: Foul Ball, location: 2F
2-2: Strikes out swinging
Batting: RHB Júlio Sánchez 0-0: Called Strike
0-1: Ball
1-1: Reached on error, E3 (Groundball, 34)
Andrés Bustamante to third
Troy Reed to second
Batting: LHB Brock Miller 0-0: Swinging Strike
0-1: Fly out, F9 (Line Drive, 9M)
Bottom of the 2nd over - 1 run(s), 3 hit(s), 1 error(s), 3 left on base; Moose Jaw 0 - La Crosse 2
TOP OF THE 3RD
Moose Jaw Ghostbusters batting - Pitching for La Crosse Loggers : LHP George Moore
Batting: RHB Ángel García 0-0: Called Strike
0-1: Called Strike
0-2: Ball
1-2: Ground out 4-3 (Groundball, 4)
Batting: RHB Manuel Pérez 0-0: Called Strike
0-1: Ball
1-1: Foul Ball, location: 2F
1-2: SINGLE (Line Drive, 6MD)
Batting: LHB Will Vale 0-0: Grounds into double play, 4-6-3 (Groundball, 34)
Top of the 3rd over - 0 run(s), 1 hit(s), 0 error(s), 0 left on base; Moose Jaw 0 - La Crosse 2
BOTTOM OF THE 3RD
La Crosse Loggers batting - Pitching for Moose Jaw Ghostbusters : RHP Ernesto Mendoza
Batting: RHB Francisco Rodríguez 0-0: Ball
1-0: Foul Ball, location: 2F
1-1: Foul Ball, location: 2F
1-2: Ball
2-2: Ball
3-2: Foul Ball, location: 2F
3-2: SINGLE (Line Drive, 6MD)
Batting: RHB Paul Richard 0-0: Ball
1-0: Fly out, F8 (Flyball, 8RD)
Batting: RHB Jesús Silva 0-0: Called Strike
Francisco Rodríguez steals 2nd base
0-1: Foul Ball, location: 2F
0-2: Ground out 6-3 (Groundball, 56)
Batting: RHB Andrés Bustamante 0-0: Ball
1-0: SINGLE (Line Drive, 6MD)
Francisco Rodríguez to third
Batting: RHB James Jenkins 0-0: Fielders Choice at 2nd, U6 (Groundball, 6M)
Bottom of the 3rd over - 0 run(s), 2 hit(s), 0 error(s), 2 left on base; Moose Jaw 0 - La Crosse 2
TOP OF THE 4TH
Moose Jaw Ghostbusters batting - Pitching for La Crosse Loggers : LHP George Moore
Batting: RHB John Major 0-0: Ball
1-0: Ball
2-0: Foul Ball, location: 2F
2-1: Foul Ball, location: 2F
2-2: Ball
3-2: Foul Ball, location: 2F
3-2: Ground out U3 (Groundball, 3)
Batting: RHB Paco Hernández 0-0: Ball
1-0: Ball
2-0: Ball
3-0: Base on Balls
Batting: RHB Luis Miguel Sánchez 0-0: Called Strike
0-1: Called Strike
0-2: Ball
Wild Pitch!
Paco Hernández to second
1-2: Ball
2-2: Ball
3-2: Foul Ball, location: 2F
3-2: Base on Balls
Batting: RHB Juan Vázquez 0-0: Ball
1-0: Ball
2-0: Ball
Wild Pitch!
Paco Hernández to third
Luis Miguel Sánchez to second
3-0: Called Strike
3-1: Foul Ball, location: 2F
3-2: Foul Ball, location: 2F
3-2: Base on Balls
Batting: RHB Don Turner 0-0: Ball
1-0: SINGLE (Groundball, 56D)
Paco Hernández scores
Luis Miguel Sánchez to third
Juan Vázquez to second
Runner from 3rd tries for Home, SAFE, throw made home
Juan Vázquez to third
Don Turner to second
Batting: SHB Martín Cruz 0-0: Ball
1-0: SINGLE (Groundball, 4MD)
Juan Vázquez scores
Don Turner to third
Runner from 3rd tries for Home, SAFE, no throw or cutoff
Batting: RHB Ángel García 0-0: Ball
Martín Cruz steals 2nd base
1-0: Ball
2-0: Ball
3-0: Base on Balls
Batting: RHB Manuel Pérez 0-0: Foul Ball, location: 2F
0-1: Ball
1-1: SINGLE (Flyball, 89S)
Martín Cruz to third
Ángel García to second
Runner from 3rd tries for Home, throw and OUT!
Ángel García to third
Manuel Pérez to second
Batting: LHB Will Vale 0-0: Foul Ball, location: 2F
0-1: Swinging Strike
0-2: Ball
1-2: Ball
2-2: Strikes out swinging
Top of the 4th over - 4 run(s), 3 hit(s), 0 error(s), 2 left on base; Moose Jaw 4 - La Crosse 2
BOTTOM OF THE 4TH
La Crosse Loggers batting - Pitching for Moose Jaw Ghostbusters : RHP Ernesto Mendoza
Batting: RHB Troy Reed 0-0: Ball
1-0: Foul Ball, location: 2F
1-1: Ground out 4-3 (Groundball, 4)
Batting: RHB Robert Acosta 0-0: Ball
1-0: Ball
2-0: Ground out 5-3 (Groundball, 56)
Batting: RHB Júlio Sánchez 0-0: Ball
1-0: DOUBLE (Line Drive, 7D)
Batting: LHB Brock Miller 0-0: Swinging Strike
0-1: Called Strike
0-2: Ball
1-2: Strikes out swinging
Bottom of the 4th over - 0 run(s), 1 hit(s), 0 error(s), 1 left on base; Moose Jaw 4 - La Crosse 2
TOP OF THE 5TH
Moose Jaw Ghostbusters batting - Pitching for La Crosse Loggers : LHP George Moore
Batting: RHB John Major 0-0: Foul Ball, location: 2F
0-1: Fly out, F1 (Popup, 15S)
Batting: RHB Paco Hernández 0-0: Called Strike
0-1: Foul Ball, location: 2F
0-2: Ball
1-2: Ball
2-2: Ball
3-2: Strikes out swinging
Batting: RHB Luis Miguel Sánchez 0-0: Ball
1-0: Called Strike
1-1: Called Strike
1-2: Ball
2-2: DOUBLE (Line Drive, 7LM)
Pitching: LHP Steve Alexander
Batting: RHB Juan Vázquez 0-0: Ball
1-0: Called Strike
1-1: SINGLE (Groundball, 5D)
Luis Miguel Sánchez to third
Runner from 3rd tries for Home, SAFE, no throw or cutoff
Batting: RHB Don Turner 0-0: Foul Ball, location: 2F
0-1: Ball
1-1: Foul Ball, location: 2F
1-2: Fielders Choice at 2nd, U6 (Groundball, 6M)
Top of the 5th over - 1 run(s), 2 hit(s), 0 error(s), 1 left on base; Moose Jaw 5 - La Crosse 2
BOTTOM OF THE 5TH
La Crosse Loggers batting - Pitching for Moose Jaw Ghostbusters : RHP Ernesto Mendoza
Batting: RHB Francisco Rodríguez 0-0: Ball
1-0: SINGLE (Groundball, 15) (infield hit)
Batting: RHB Paul Richard 0-0: Called Strike
0-1: Ball
1-1: Foul Ball, location: 2F
1-2: Strikes out swinging
Batting: RHB Jesús Silva 0-0: Ball
1-0: Grounds into double play, 6-4-3 (Groundball, 6)
Bottom of the 5th over - 0 run(s), 1 hit(s), 0 error(s), 0 left on base; Moose Jaw 5 - La Crosse 2
TOP OF THE 6TH
Moose Jaw Ghostbusters batting - Pitching for La Crosse Loggers : LHP Steve Alexander
Batting: SHB Martín Cruz 0-0: Called Strike
0-1: Swinging Strike
0-2: Ball
1-2: Ball
2-2: Ball
3-2: Foul Ball, location: 2F
3-2: Strikes out looking
Batting: RHB Ángel García 0-0: Ball
1-0: Ball
2-0: Ball
3-0: Called Strike
3-1: Base on Balls
Batting: RHB Manuel Pérez 0-0: Ball
1-0: Swinging Strike
1-1: Ball
Wild Pitch!
Ángel García to second
2-1: Intentional Walk
Batting: LHB Will Vale 0-0: Ball
1-0: Ball
2-0: Called Strike
2-1: Ball
3-1: Base on Balls
Ángel García to third
Manuel Pérez to second
Pitching: RHP Cisco Vázquez
Batting: RHB John Major 0-0: Called Strike
0-1: Called Strike
0-2: Foul Ball, location: 2F
0-2: Foul Ball, location: 2F
0-2: Strikes out swinging
Batting: RHB Paco Hernández 0-0: Ball
1-0: Foul Ball, location: 2F
1-1: Ball
2-1: Called Strike
2-2: Foul Ball, location: 2F
2-2: Strikes out looking
Top of the 6th over - 0 run(s), 0 hit(s), 0 error(s), 3 left on base; Moose Jaw 5 - La Crosse 2
BOTTOM OF THE 6TH
La Crosse Loggers batting - Pitching for Moose Jaw Ghostbusters : RHP Ernesto Mendoza
Batting: RHB Andrés Bustamante 0-0: Foul Ball, location: 2F
0-1: Ball
1-1: Swinging Strike
1-2: Strikes out swinging
Batting: RHB James Jenkins 0-0: Called Strike
0-1: Ball
1-1: Ball
2-1: Called Strike
2-2: Fly out, F8 (Flyball, 8LM)
Batting: RHB Troy Reed 0-0: SOLO HOME RUN (Flyball, 89XD), Distance : 388 ft
Batting: RHB Robert Acosta 0-0: Ball
1-0: Called Strike
1-1: Ball
2-1: Swinging Strike
2-2: Fly out, F7 (Flyball, 78D)
Bottom of the 6th over - 1 run(s), 1 hit(s), 0 error(s), 0 left on base; Moose Jaw 5 - La Crosse 3
TOP OF THE 7TH
Moose Jaw Ghostbusters batting - Pitching for La Crosse Loggers : RHP Cisco Vázquez
Batting: RHB Luis Miguel Sánchez 0-0: Called Strike
0-1: Ground out 6-3 (Groundball, 6)
Batting: RHB Juan Vázquez 0-0: Ball
1-0: Called Strike
1-1: Ball
2-1: Foul Ball, location: 2F
2-2: Ball
3-2: Base on Balls
Batting: RHB Don Turner 0-0: Ball
1-0: Called Strike
1-1: SINGLE (Groundball, 4MD)
Juan Vázquez to second
Runner from 2nd tries for 3rd, SAFE, no throw or cutoff
Batting: SHB Martín Cruz 0-0: Ball
1-0: Called Strike
1-1: Ball
Don Turner is caught stealing 2nd base
2-1: Called Strike
2-2: Ball
3-2: Ground out 3-6 (Groundball, 3)
Top of the 7th over - 0 run(s), 1 hit(s), 0 error(s), 1 left on base; Moose Jaw 5 - La Crosse 3
BOTTOM OF THE 7TH
La Crosse Loggers batting - Pitching for Moose Jaw Ghostbusters : RHP Ernesto Mendoza
Pitching: RHP Bennett Greer
Batting: RHB Júlio Sánchez 0-0: Fly out, F8 (Flyball, 8RM)
Batting: LHB Brock Miller 0-0: Ball
1-0: Called Strike
1-1: DOUBLE (Line Drive, 8LXD)
Batting: RHB Francisco Rodríguez 0-0: Ball
1-0: DOUBLE (Line Drive, 7LM)
Brock Miller scores
Batting: RHB Paul Richard 0-0: Ball
1-0: Called Strike
1-1: Foul Ball, location: 2F
1-2: Strikes out looking
Batting: RHB Jesús Silva 0-0: Called Strike
0-1: Ground out 6-3 (Groundball, 6)
Bottom of the 7th over - 1 run(s), 2 hit(s), 0 error(s), 1 left on base; Moose Jaw 5 - La Crosse 4
TOP OF THE 8TH
Moose Jaw Ghostbusters batting - Pitching for La Crosse Loggers : RHP Cisco Vázquez
Batting: RHB Ángel García 0-0: Foul Ball, location: 2F
0-1: Foul Ball, location: 2F
0-2: Fly out, F9 (Flyball, 89D)
Pitching: LHP Pablo Solíz
Batting: RHB Manuel Pérez 0-0: Ball
1-0: Foul Ball, location: 2F
1-1: Ball
2-1: Ground out 1-3 (Groundball, 15)
Batting: LHB Will Vale 0-0: Fly out, F8 (Line Drive, 8LM)
Top of the 8th over - 0 run(s), 0 hit(s), 0 error(s), 0 left on base; Moose Jaw 5 - La Crosse 4
BOTTOM OF THE 8TH
La Crosse Loggers batting - Pitching for Moose Jaw Ghostbusters : RHP Bennett Greer
Pitching: RHP José Estrada
Now at 3B: Robert Carter
Batting: RHB Andrés Bustamante 0-0: SINGLE (Line Drive, 4MD)
Batting: RHB James Jenkins 0-0: Sac Bunt - play at first, batter OUT! 1-4
Andrés Bustamante to second
Batting: RHB Troy Reed 0-0: Ball
1-0: Ball
2-0: Ball
3-0: Called Strike
3-1: Foul Ball, location: 2F
3-2: Foul Ball, location: 2F
3-2: Foul Ball, location: 2F
3-2: Foul Ball, location: 2F
3-2: Foul Ball, location: 2F
3-2: Foul Ball, location: 2F
3-2: Base on Balls
Batting: RHB Robert Acosta 0-0: Called Strike
0-1: Called Strike
0-2: Strikes out looking
Batting: RHB Júlio Sánchez 0-0: Ball
1-0: Ball
2-0: Ball
3-0: Called Strike
3-1: SINGLE (Line Drive, 8RS)
Andrés Bustamante to third
Troy Reed to second
Runner from 3rd tries for Home, SAFE, no throw or cutoff
Batting: LHB Brock Miller 0-0: Ball
1-0: Foul Ball, location: 2F
1-1: Foul Ball, location: 2F
1-2: Fly out, F9 (Flyball, 9S)
Bottom of the 8th over - 1 run(s), 2 hit(s), 0 error(s), 2 left on base; Moose Jaw 5 - La Crosse 5
TOP OF THE 9TH
Moose Jaw Ghostbusters batting - Pitching for La Crosse Loggers : LHP Pablo Solíz
Pitching: RHP Chad Bennett
Batting: RHB John Major 0-0: Fly out, F7 (Line Drive, 78M)
Batting: RHB Paco Hernández 0-0: Called Strike
0-1: Foul Ball, location: 2F
0-2: Strikes out swinging
Batting: RHB Luis Miguel Sánchez 0-0: Ball
1-0: Swinging Strike
1-1: Swinging Strike
1-2: Foul Ball, location: 2F
1-2: Strikes out swinging
Top of the 9th over - 0 run(s), 0 hit(s), 0 error(s), 0 left on base; Moose Jaw 5 - La Crosse 5
BOTTOM OF THE 9TH
La Crosse Loggers batting - Pitching for Moose Jaw Ghostbusters : RHP José Estrada
Pitching: LHP Júlio Aguilar
Batting: RHB Francisco Rodríguez 0-0: Ground out 3-1 (Groundball, 34)
Batting: RHB Paul Richard 0-0: Ball
1-0: Ball
2-0: Called Strike
2-1: Foul Ball, location: 2F
2-2: Ball
3-2: Base on Balls
Batting: RHB Jesús Silva 0-0: Called Strike
0-1: Foul Ball, location: 2F
0-2: Ball
1-2: Ground out 5-3 (Groundball, 56)
Paul Richard to second
Batting: RHB Andrés Bustamante 0-0: Fly out, F7 (Flyball, 7D)
Bottom of the 9th over - 0 run(s), 0 hit(s), 0 error(s), 1 left on base; Moose Jaw 5 - La Crosse 5
TOP OF THE 10TH
Moose Jaw Ghostbusters batting - Pitching for La Crosse Loggers : RHP Chad Bennett
Batting: RHB Juan Vázquez 0-0: Swinging Strike
0-1: Ball
1-1: Swinging Strike
1-2: Ball
2-2: Ball
3-2: Foul Ball, location: 2F
3-2: Foul Ball, location: 2F
3-2: Strikes out swinging
Pinch Hitting: RHB Shawn Bane 0-0: Called Strike
0-1: Ball
1-1: Ball
2-1: SINGLE (Line Drive, 34D)
Pinch Runner at 1st John Christopher:
Batting: SHB Martín Cruz 0-0: Ball
1-0: Ball
2-0: Ball
3-0: Called Strike
3-1: Base on Balls
John Christopher to second
Pinch Hitting: LHB John Robbins 0-0: Foul Ball, location: 2F
0-1: Ball
1-1: Grounds into double play, U6-3 (Groundball, 6M)
Top of the 10th over - 0 run(s), 1 hit(s), 0 error(s), 1 left on base; Moose Jaw 5 - La Crosse 5
BOTTOM OF THE 10TH
La Crosse Loggers batting - Pitching for Moose Jaw Ghostbusters : LHP Júlio Aguilar
Now at 3B: John Robbins
Now in LF: John Christopher
Batting: RHB James Jenkins 0-0: Called Strike
0-1: Swinging Strike
0-2: Strikes out swinging
Batting: RHB Troy Reed 0-0: Called Strike
0-1: Ball
1-1: Called Strike
1-2: Ball
2-2: Strikes out swinging
Batting: RHB Robert Acosta 0-0: Called Strike
0-1: Foul Ball, location: 2F
0-2: Foul Ball, location: 2F
0-2: Strikes out looking
Bottom of the 10th over - 0 run(s), 0 hit(s), 0 error(s), 0 left on base; Moose Jaw 5 - La Crosse 5
TOP OF THE 11TH
Moose Jaw Ghostbusters batting - Pitching for La Crosse Loggers : RHP Chad Bennett
Pitching: RHP Tony López
Batting: RHB Manuel Pérez 0-0: Ball
1-0: Fly out, F9 (Flyball, 9S)
Batting: LHB Will Vale 0-0: Called Strike
0-1: SOLO HOME RUN (Flyball, 89XD), Distance : 398 ft
Batting: RHB John Major 0-0: Swinging Strike
0-1: Ball
1-1: Called Strike
1-2: Strikes out looking
Batting: RHB Paco Hernández 0-0: Called Strike
0-1: Called Strike
0-2: Foul Ball, location: 2F
0-2: Ball
1-2: Ball
2-2: Ball
3-2: Foul Ball, location: 2F
3-2: Base on Balls
Batting: RHB Luis Miguel Sánchez 0-0: Ball
1-0: Called Strike
1-1: Ball
2-1: Called Strike
2-2: SINGLE (Flyball, 9S)
Paco Hernández to second
Runner from 2nd tries for 3rd, SAFE, throw made to third
Batting: RHB Juan Vázquez 0-0: Ball
1-0: Foul Ball, location: 2F
1-1: Ball
2-1: Foul Ball, location: 2F
2-2: Foul Ball, location: 2F
2-2: Strikes out swinging
Top of the 11th over - 1 run(s), 2 hit(s), 0 error(s), 2 left on base; Moose Jaw 6 - La Crosse 5
BOTTOM OF THE 11TH
La Crosse Loggers batting - Pitching for Moose Jaw Ghostbusters : LHP Júlio Aguilar
Pitching: RHP Rod Walters
Batting: RHB Júlio Sánchez 0-0: Fly out, F9 (Popup, 9S)
Batting: LHB Brock Miller 0-0: Ball
1-0: Foul Ball, location: 2F
1-1: Ball
2-1: Swinging Strike
2-2: Foul Ball, location: 2F
2-2: Ball
3-2: Ground out 4-3 (Groundball, 4)
Batting: RHB Francisco Rodríguez 0-0: Foul Ball, location: 2F
0-1: Foul Ball, location: 2F
0-2: Ball
1-2: Strikes out swinging
Bottom of the 11th over - 0 run(s), 0 hit(s), 0 error(s), 0 left on base; Moose Jaw 6 - La Crosse 5
Monday, December 5th, 2016 - OOTP Baseball 17.12 Build 75